 Dungeon Crawl Stone Soup version 0.28.0-53-g5a82cb258f (webtiles) character file.

Game seed: 7079388533318259070

212 DocClef the Skirmisher (level 5, -7/52 HPs)
             Began as a Draconian Fighter on June 15, 2022.
             Mangled by Sigmund
             ... wielding a +0 scythe
              (8 damage)
             ... on level 3 of the Dungeon.
             The game lasted 00:02:02 (2421 turns).

DocClef the Skirmisher (Draconian Fighter)          Turns: 2421, Time: 00:02:03

Health: -7/52      AC:  5    Str: 20    XL:     5   Next: 58%
Magic:  5/5        EV: 11    Int:  9    God:
Gold:   90         SH:  4    Dex: 10    Spells: 4/4 levels left

rFire   . . .      SeeInvis .   a - +0 war axe
rCold   . . .      Faith    .   b - +0 buckler
rNeg    . . .      Spirit   .   (armour unavailable)
rPois   .          Reflect  .   (helmet restricted)
rElec   .          Harm     .   (no cloak)
rCorr   .          Rampage  .   (no gloves)
Will    .....                   (no boots)
Stlth   +.........              (no amulet)
HPRegen 0.17/turn               (no ring)
MPRegen 0.09/turn               (no ring)

@: no status effects
A: AC +5, unfitting armour, cold-blooded
a: no special abilities


You were on level 3 of the Dungeon.
You visited 1 branch of the dungeon, and saw 3 of its levels.

You collected 90 gold pieces.

Inventory:

Hand Weapons
 a - a +0 war axe (weapon)
Armour
 b - a +0 buckler (worn)
Jewellery
 k - the ring "Owazox" {rElec rC+ Str-4 Dex+2}
   (You found it on level 2 of the Dungeon)

   [ring of protection from cold]

   Str:       It affects your strength (-4).
   Dex:       It affects your dexterity (+2).
   rC:        It protects you from cold.
   rElec:     It insulates you from electricity.
Wands
 n - a wand of charming (7)
Scrolls
 f - 3 scrolls of identify {unknown}
 i - a scroll of teleportation {unknown}
 j - a scroll of fog {unknown}
 m - a scroll of magic mapping {unknown}
 o - a scroll of enchant weapon {unknown}
Potions
 c - a potion of might
 d - 2 potions of degeneration {unknown}
 e - 2 potions of brilliance {unknown}
 g - a potion of haste {unknown}
 h - a potion of attraction {unknown}
 l - a potion of flight {unknown}


   Skills:
 + Level 7.0 Fighting
 - Level 2.0 Axes
 - Level 2.6 Dodging
 - Level 3.0 Shields


You had 4 spell levels left.
You didn't know any spells.
Your spell library contained the following spells:

 Spells                   Type           Power      Damage    Failure   Level
 Magic Dart               Conj           0%         1d3       47%         1
 Call Imp                 Summ           0%         N/A       63%         2
 Mephitic Cloud           Conj/Pois/Air  0%         N/A       85%         3


Dungeon Overview and Level Annotations

Branches:
Dungeon (3/15)

Altars:
Hepliaklqana

Annotations:
D:3 Sigmund


Innate Abilities, Weirdness & Mutations

Your plain brown scales are hard. (AC +5)
You cannot fit into any form of body armour.
You are cold-blooded and may be slowed by cold attacks.


Message History

You hear some strange, mumbled words.
A puff of flame appears from out of thin air!
The puff of flame hits you. Something hits you but does no damage.
You closely miss something. Something hits you.
You miss something.
Your tail-slap misses something.
Something hits you.
You closely miss something.
You hear some strange, mumbled words.
A magic dart appears from out of thin air!
The magic dart hits you.
You miss something.
Your tail-slap misses something.
Something hits you!
You are too injured to fight recklessly!
You are too injured to fight recklessly!
You are too injured to fight recklessly!
You are too injured to fight recklessly!
You are too injured to fight recklessly!
You are too injured to fight recklessly!
You are too injured to fight recklessly!
You are too injured to fight recklessly!
You are too injured to fight recklessly!
You are too injured to fight recklessly!
You are too injured to fight recklessly!
You are too injured to fight recklessly!
You are too injured to fight recklessly!
You are too injured to fight recklessly!
You are too injured to fight recklessly!
You are too injured to fight recklessly!
You are too injured to fight recklessly!
You closely miss something.
Your tail-slap misses something.
Something hits you!
* * * LOW HITPOINT WARNING * * *
You barely miss something. Something hits you.
* * * LOW HITPOINT WARNING * * *
You miss something. Something completely misses you.
You hit something. Something hits you.
* * * LOW HITPOINT WARNING * * *
You miss something. Something hits you.
* * * LOW HITPOINT WARNING * * *
Unknown command.
You completely miss something. Something hits you!
You die...

##...# ######..#.#####
#......##.....## #####
#.....#######..# #....
#.....##### ##.###...)
#.........# #..##....
#......##..# ##.>.....
#.......##............
#####@#.#########.####
#{#.# #..# .J#.. ##...
#.####..## #### #.
#... #. ##.. #. #. #
#. #.. ##### #.###....


You could see an endoplasm.

Vanquished Creatures
  A kobold brigand (D:3)
  A hound (D:3)
  Jessica (D:3)
  2 adders
  2 worms
  2 dart slugs (D:2)
  3 ball pythons
  5 endoplasms
  A giant cockroach (D:2)
  7 goblins
  5 hobgoblins
  6 jackals
  5 quokkas
  5 bats
  3 frilled lizards
  2 kobolds
  6 rats
57 creatures vanquished.

Notes
Turn   | Place    | Note
-------+----------+-------------------------------------------
     0 | D:1      | DocClef the Draconian Fighter began the quest for the Orb.
     0 | D:1      | Reached XP level 1. HP: 19/19 MP: 1/1
   122 | D:1      | Reached skill level 4 in Fighting
   122 | D:1      | Reached XP level 2. HP: 27/27 MP: 2/2
   292 | D:1      | Found a faded altar of an unknown god.
   721 | D:2      | Reached XP level 3. HP: 34/34 MP: 3/3
  1027 | D:2      | Reached skill level 5 in Fighting
  1315 | D:2      | Identified the ring "Owazox" {rElec rC+ Str-4 Dex+2}
  1897 | D:3      | Noticed Jessica
  1904 | D:3      | Killed Jessica
  1905 | D:3      | Reached XP level 4. HP: 44/44 MP: 4/4
  2021 | D:3      | Found a hazy altar of Hepliaklqana.
  2021 | D:3      | Noticed a kobold brigand
  2057 | D:3      | Killed a kobold brigand
  2058 | D:3      | Reached skill level 6 in Fighting
  2058 | D:3      | Reached XP level 5. HP: 8/51 MP: 5/5
  2345 | D:3      | Reached skill level 7 in Fighting
  2404 | D:3      | Noticed Sigmund
  2419 | D:3      | HP: 2/52 [something (2)]
  2421 | D:3      | Mangled by Sigmund

Illustrated notes

Levels and vault maps discovered:
D:1:      ebering_hopf_link, layout_rooms,
          shapermc_ecumenical_altar_mp_urbaneastern
D:2:      layout_basic
D:3:      layout_rooms, beargit_hepliaklqana_dungeon_heroes, uniq_sigmund,
          uniq_terence, uniq_jessica

Skill      XL: |  1  2  3  4  5 |
---------------+----------------+-----
Fighting       | 4 5 6 7 |  7.0
Axes           | |  2.0
Dodging        | |  2.6
Shields        | |  3.0

Action                   |  1- 3 |  4- 6 || total
-------------------------+-------+-------++-------
Melee: War axe           |   112 |    48 ||   160
       Tailslap          |     9 |     4 ||    13
Armor: Skin              |    43 |    19 ||    62
Dodge: Dodged            |    63 |    25 ||    88
Block: Buckler           |    24 |     8 ||    32
